 Dungeon Crawl Stone Soup version 0.15.2 (webtiles) character file.

2547 Heini the Protected (level 9, 0/83 HPs)
             Began as a Minotaur Fighter on Mar 14, 2015.
             Was a Believer of Okawaru.
             Succumbed to a killer bee's poison
             ... on Level 7 of the Dungeon.
             The game lasted 00:15:48 (6998 turns).

Heini the Protected (Minotaur Fighter)              Turns: 6998, Time: 00:15:49

HP   0/83        AC 10     Str 29      XL: 9   Next: 30%
MP   4/4         EV  7     Int 10      God: Okawaru [**....]
Gold 251         SH 11     Dex 10      Spells:  0 memorised,  8 levels left

rFire  + + .     SeeInvis .     a - +1 flail
rCold  + . .     Clarity  .     b - +0 scale mail
rNeg   + . .     rCorr    +     c - +1 shield
rPois  +         rRot     .     (helmet restricted)
rElec  +         Spirit   .     u - +0 cloak {MR+}
SustAb .         Warding  +     (no gloves)
rMut   .         Stasis   .     (no boots)
Gourm  .                        s - amulet of warding
MR     +....                    (no ring)
                                l - ring of protection from fire

@: mighty, brilliant, lethally poisoned, resistant, somewhat resistant to
hostile enchantments, extremely unstealthy
A: retaliatory headbutt, horns 2
a: Heroism, Renounce Religion


You were on level 7 of the Dungeon.
You worshipped Okawaru.
Okawaru was pleased with you.
You were very hungry.

You visited 2 branches of the dungeon, and saw 9 of its levels.

You collected 251 gold pieces.

Inventory:

Hand weapons
 a - a +1 flail (weapon)
Armour
 b - a +0 scale mail (worn)
 c - a +1 shield (worn)
 u - a +0 cloak of magic resistance (worn)
Magical devices
 i - a wand of confusion (15)
 o - a wand of confusion (22)
 t - a wand of frost (9)
 x - a wand of enslavement (9)
 y - a wand of cold (11)
Comestibles
 d - 5 bread rations
 j - 2 beef jerkies
 r - 2 slices of pizza
 A - 3 meat rations
Scrolls
 f - 6 scrolls of remove curse
 p - 2 scrolls of teleportation
 q - a scroll of enchant weapon
 v - 4 scrolls of identify
 w - a scroll of enchant armour
 z - a scroll of recharging
 C - a scroll of magic mapping
 F - 3 scrolls of immolation {unknown}
Jewellery
 l - a ring of protection from fire (left hand)
 s - an amulet of warding (around neck)
Potions
 g - a potion of invisibility
 h - 2 potions of brilliance
 n - a potion of degeneration


   Skills:
 * Level 9.0 Fighting
 * Level 9.1 Maces & Flails
 * Level 9.8 Armour
 - Level 3.6 Shields


You had 8 spell levels left.
You didn't know any spells.

Dungeon Overview and Level Annotations

Branches:
Dungeon (8/15)             Temple (1/1) D:7
   Lair: D:8-11

Altars:
Ashenzari
Cheibriados
Dithmenos
Elyvilon
Fedhas
Kikubaaqudgha
Makhleb
Nemelex Xobeh
Okawaru
Qazlal
Sif Muna
Trog
Vehumet
Xom
Yredelemnul
Zin
The Shining One

Shops:
D:4 ?*:*[

Annotations:
D:8 Edmund


Innate Abilities, Weirdness & Mutations

You reflexively headbutt those who attack you in melee.
You have a pair of horns on your head.


Message History

a killer bee corpse x2
* * * LOW HITPOINT WARNING * * *
You feel sick.
* * * LOW HITPOINT WARNING * * *
You feel sick.
* * * LOW HITPOINT WARNING * * *
You feel sick.
Evoke which item? (* to show all) (? for menu, Esc to quit)
Okay, then.
Drink which item? (? for menu, Esc to quit)
Okay, then.
* * * LOW HITPOINT WARNING * * *
You feel sick.
* * * LOW HITPOINT WARNING * * *
You feel sick.
* * * LOW HITPOINT WARNING * * *
You feel sick.
Things that are here:
a killer bee corpse x2
You die...

.#......####'##..............#...
'#####....................#+##...
[....+....................+......
'#####.........................+#
..######...#+####'###+...#.#....#
.......+...+............#.#.#....
...###+#...###'##......#.#.#)#..#
##'#.......#...##.......#.>.#[.##
...........'...%@......#.#.#.#.##
...........#...##.......#.#.#..##
....##+##+##...##........#.#...##
....'..........'...............##
....#..........#>.....#....######
....#...#####..##.....'....# #
##'####+#####..##...).#...)# #
...+.....#..'...'.....#....# #
...##....'..#...#.....#....# #


There were no monsters in sight!

Vanquished Creatures
  3 phantoms
  3 ogres
  An orc warrior (D:7)
  3 centaurs
  2 giant frogs (D:6)
  Blork the orc (D:5)
  2 scorpions
  6 killer bees
  The ghost of ghwc the Ducker, a weakling SpGl (D:3)
  A vampire bat (D:5)
  A goliath beetle (D:6)
  2 crimson imps (D:6)
  3 orc priests
  3 hounds
  Crazy Yiuf (D:4)
  3 iguanas
  A centaur zombie (D:8)
  4 worker ants
  Natasha (thrice) (D:5)
  3 orc wizards
  A sky beast zombie (D:5)
  A hound zombie (D:5)
  15 gnolls
  9 adders
  An inept item mimic (D:2)
  An orc zombie (D:4)
  An adder skeleton (D:5)
  5 giant geckos
  An ooze (D:2)
  22 orcs
  6 giant cockroaches
  22 goblins
  10 hobgoblins
  7 kobolds
  A quokka (D:5)
  2 ball pythons
  18 bats
  3 giant newts
  A hobgoblin skeleton (D:4)
  14 rats
  A rat skeleton (D:4)
189 creatures vanquished.

Notes
Turn   | Place    | Note
--------------------------------------------------------------
     0 | D:1      | Heini, the Minotaur Fighter, began the quest for the Orb.
     0 | D:1      | Reached XP level 1. HP: 19/19 MP: 1/1
   147 | D:1      | Reached skill level 4 in Fighting
   162 | D:1      | Reached XP level 2. HP: 21/27 MP: 1/1
   599 | D:2      | Reached XP level 3. HP: 34/34 MP: 2/2
   712 | D:2      | Reached XP level 4. HP: 39/41 MP: 2/2
   839 | D:2      | Reached skill level 5 in Fighting
  1106 | D:2      | Found a glowing golden altar of the Shining One.
  1163 | D:3      | Reached skill level 5 in Armour
  1201 | D:3      | Noticed ghwc's ghost (weakling SpGl)
  1210 | D:3      | Killed ghwc's ghost
  1210 | D:3      | Reached XP level 5. HP: 48/48 MP: 2/2
  1673 | D:3      | Found an iron altar of Okawaru.
  1683 | D:3      | Became a worshipper of Warmaster Okawaru
  1962 | D:3      | Found a burning altar of Makhleb.
  2009 | D:4      | Found Wacasch's Antique Armour Boutique.
  2024 | D:4      | Found Klain's Book Shop.
  2029 | D:4      | Found Giariex's General Store.
  2048 | D:4      | Found Yleciept's Assorted Antiques.
  2238 | D:4      | Noticed an ogre
  2254 | D:4      | Reached XP level 6. HP: 37/56 MP: 3/3
  2267 | D:4      | Killed an ogre
  2267 | D:4      | Reached skill level 6 in Armour
  2269 | D:4      | Acquired Okawaru's first power
  2532 | D:4      | Found Wiaxijix's Magic Scroll Boutique.
  2629 | D:4      | Reached skill level 5 in Maces & Flails
  2714 | D:4      | Reached XP level 7. HP: 57/63 MP: 3/3
  3075 | D:4      | Noticed Crazy Yiuf
  3082 | D:4      | Killed Crazy Yiuf
  3555 | D:5      | Entered Level 5 of the Dungeon
  3569 | D:5      | Found a deep blue altar of Sif Muna.
  3583 | D:5      | Noticed Blork the orc
  3593 | D:5      | Killed Blork the orc
  3593 | D:5      | Reached skill level 7 in Armour
  3997 | D:5      | Noticed Natasha
  4004 | D:5      | Killed Natasha
  4032 | D:5      | Reached XP level 8. HP: 73/73 MP: 3/3
  4074 | D:5      | Reached skill level 8 in Armour
  4148 | D:5      | Noticed Natasha
  4151 | D:5      | Killed Natasha
  4159 | D:5      | Noticed Natasha
  4173 | D:5      | Killed Natasha
  4927 | D:6      | Reached skill level 9 in Armour
  5446 | D:6      | Reached XP level 9. HP: 68/82 MP: 4/4
  5948 | D:7      | Found a staircase to the Ecumenical Temple.
  5970 | Temple   | Entered the Ecumenical Temple
  6506 | D:7      | Found a basalt altar of Yredelemnul.
  6741 | D:8      | Noticed Edmund
  6993 | D:7      | HP: 4/83 [poisoned by a killer bee]
  6997 | D:7      | HP: 1/83 [poisoned by a killer bee]
  6998 | D:7      | Succumbed to a killer bee's poison

Action                   |  1- 3 |  4- 6 |  7- 9 || total
-------------------------+-------+-------+-------++-------
Melee: Flail             |    57 |   173 |   362 ||   592
Evoke: Wand              |       |     1 |     4 ||     5
  Use: Scroll            |       |    12 |     1 ||    13
       Potion            |       |       |     6 ||     6
  Eat: Chunk             |       |     6 |    13 ||    19
